 Dungeon Crawl Stone Soup version 0.18.1-48-g4cf74bf (webtiles) character file.

518 Inkary the Ruffian (level 7, -7/60 HPs)
             Began as a Ghoul Gladiator on Sept 6, 2016.
             Was an Initiate of Qazlal.
             Mangled by an orc warrior
             ... wielding a cursed +0 glaive
              (12 damage)
             ... on level 5 of the Dungeon.
             The game lasted 00:06:49 (3226 turns).

Inkary the Ruffian (Ghoul Gladiator)                Turns: 3226, Time: 00:06:50

Health: -7/60      AC:  7    Str: 19    XL:     7   Next: 21%
Magic:  6/6        EV: 12    Int:  3    God:    Qazlal [......]
Gold:   246        SH:  0    Dex: 11    Spells: 0 memorised, 6 levels left

rFire  . . .     SeeInvis .       - Unarmed
rCold  + + .     Gourm    .     t - +0 ring mail (curse)
rNeg   + + +     Faith    .     (no shield)
rPois  ∞         Spirit   .     b - +0 helmet
rElec  .         Dismiss  .     l - +0 cloak
rCorr  .         Reflect  .     (no gloves)
SustAt .         Harm     .     (no boots)
MR     .....                    (no amulet)
Stlth  +.........               (no ring)
                                x - ring of protection from cold

@: rotting, not resistant to hostile enchantments, very unstealthy
A: rotting body, claws 1, carnivore 3, cold resistance 1, negative energy
resistance 3, slow regeneration 1, torment resistance, unbreathing
a: Renounce Religion


You were on level 5 of the Dungeon.
You worshipped Qazlal.
Qazlal was noncommittal.
You were not hungry.

You visited 1 branch of the dungeon, and saw 6 of its levels.

You collected 246 gold pieces.

Inventory:

Hand Weapons
 j - a cursed -2 flail
 r - a +0 whip of venom
Missiles
 c - a throwing net (quivered)
 B - 11 javelins
Armour
 b - a +0 helmet (worn)
 l - a +0 cloak (worn)
 t - a cursed +0 ring mail (worn)
Jewellery
 x - a ring of protection from cold (left claw)
Scrolls
 a - a scroll of amnesia {unknown}
 e - 2 scrolls of recharging {unknown}
 g - 4 scrolls of remove curse {unknown}
 k - a scroll of enchant weapon {unknown}
 m - a scroll of immolation {unknown}
 o - a scroll of magic mapping {unknown}
 s - 3 scrolls of fear {unknown}
 u - 2 scrolls of teleportation {unknown}
 v - 7 scrolls of identify {unknown}
 y - a scroll of noise {unknown}
Potions
 f - 2 potions of heal wounds {unknown}
 h - a potion of mutation {unknown}
 i - a potion of cancellation {unknown}
 p - a potion of degeneration {unknown}
 q - 2 potions of brilliance {unknown}
 z - a potion of haste {unknown}
Comestibles
 d - 5 meat rations
 n - a slice of pizza
 w - a beef jerky


   Skills:
 + Level 4.3 Fighting
 - Level 1.8 Throwing
 + Level 2.1 Armour
 + Level 4.6 Dodging
 - Level 0.5 Stealth
 + Level 5.5 Unarmed Combat


You had 6 spell levels left.
You didn't know any spells.

Dungeon Overview and Level Annotations

Branches:
Dungeon (6/15)
 Temple: D:4-7

Altars:
Qazlal

Annotations:
D:3 appiemonkey's ghost, weakling TrCK


Innate Abilities, Weirdness & Mutations

Your body is rotting away.
You thrive on raw meat.
You are immune to poison.
You have sharp fingernails.
You are carnivorous and can eat meat at any time.
Your flesh is cold resistant.
You are immune to negative energy.
You regenerate slowly when monsters are visible.
You are immune to unholy pain and torment.
You can survive without breathing.


Message History

You scratch the orc warrior but do no damage.
The orc warrior is almost dead.
The orc warrior barely misses you.
You closely miss the orc warrior.
The orc warrior is almost dead.
The orc warrior barely misses you.
Throwing (i - inventory. (,) - cycle):
c - 2 throwing nets (quivered)
Press: ? - help, Shift-Dir - straight line, f/p - orc warrior
Aim: an orc warrior, wielding a glaive and wearing a plate armour (almost dead)
You throw a throwing net.
The throwing net closely misses the orc warrior.
The throwing net hits the orc.
The orc is caught in the net!
The orc struggles against the net.
The orc warrior misses you.
You scratch the orc warrior but do no damage.
The orc warrior is almost dead.
The orc struggles against the net.
You closely miss the orc warrior.
The orc warrior is almost dead.
The orc warrior hits you with a glaive!
You die...

...≈.^.(§.(^....).'.........###
##.^≈.#§§§≈^≈≈....####......#
#...###≈.§≈##≈...## ##.##.##
#.#^§§....#.#...## ###..#
#.##..§........## #.## #.
###..####+## #.# #> .... # #.#
#.######### #.# #(oo@.....# #.#
#...######.###.# #..[.
#.........# #.........###.#####
..###.#######.# # #........<#
###########


You could see an orc warrior and an orc (caught).

Vanquished Creatures
  An ogre (D:4)
  2 scorpions
  A howler monkey (D:4)
  A crimson imp (D:4)
  2 iguanas
  3 worker ants
  A hound skeleton (D:4)
  A gnoll (D:1)
  5 adders
  A worm (D:2)
  3 dart slugs
  A giant gecko (D:2)
  8 orcs
  2 ball pythons (D:2)
  4 giant cockroaches
  9 goblins
  3 hobgoblins
  5 kobolds
  2 quokkas
  5 bats
  2 giant newts (D:1)
  A quokka skeleton (D:4)
  6 rats
69 creatures vanquished.

Notes
Turn   | Place    | Note
--------------------------------------------------------------
     0 | D:1      | Inkary the Ghoul Gladiator began the quest for the Orb.
     0 | D:1      | Reached XP level 1. HP: 17/17 MP: 0/0
    95 | D:1      | Reached XP level 2. HP: 25/25 MP: 1/1
   398 | D:1      | Reached skill level 4 in Unarmed Combat
   398 | D:1      | Reached XP level 3. HP: 30/30 MP: 2/2
   961 | D:2      | Reached XP level 4. HP: 37/37 MP: 3/3
  1188 | D:2      | Reached skill level 1 in Armour
  1619 | D:3      | Noticed appiemonkey's ghost (weakling TrCK)
  1641 | D:3      | HP: 1/37 [appiemonkey's ghost (11)]
  1670 | D:4      | Reached XP level 5. HP: 2/44 MP: 4/4
  1882 | D:4      | Noticed an ogre
  1890 | D:4      | Killed an ogre
  1890 | D:4      | Reached skill level 5 in Unarmed Combat
  1890 | D:4      | Reached XP level 6. HP: 45/51 MP: 5/5
  1906 | D:4      | You fall through a shaft for 2 floors!
  1981 | D:5      | Entered Level 5 of the Dungeon
  2780 | D:5      | Reached XP level 7. HP: 56/57 MP: 6/6
  3146 | D:5      | Found a stormy altar of Qazlal.
  3155 | D:5      | Became a worshipper of Qazlal Stormbringer
  3226 | D:5      | Mangled by an orc warrior

Skill      XL: |  1  2  3  4  5  6 |
---------------+-------------------+-----
Dodging        | 3 4 |  4.6
Unarmed Combat | 4 5 |  5.5
Armour         | 1 2 |  2.1
Fighting       | 3 4 |  4.3
Throwing       | |  1.8
Stealth        | |  0.5

Action                   |  1- 3 |  4- 6 |  7- 9 || total
-------------------------+-------+-------+-------++-------
Melee: Unarmed           |    79 |   172 |    37 ||   288
       Punch             |     3 |     3 |     2 ||     8
Throw: Throwing net      |       |     2 |     2 ||     4
  Eat: Chunk             |     2 |    16 |     5 ||    23
Armor: Leather armour    |    17 |     1 |       ||    18
       Ring mail         |       |    57 |     6 ||    63
Dodge: Dodged            |    40 |   108 |    16 ||   164
